 Dungeon Crawl Stone Soup version 0.30-a0-629-gd54f4be4f7 (webtiles) character file.

Game seed: 4628894838095440276

1409 Mitcholas the Skirmisher (level 8, -9/48 HPs)
             Began as a Deep Elf Hunter on Jan 12, 2023.
             Mangled by a manticore (20 damage)
             ... on level 6 of the Dungeon.
             The game lasted 00:15:35 (4565 turns).

Mitcholas the Skirmisher (Deep Elf Hunter)          Turns: 4565, Time: 00:15:36

Health: -9/48      AC:  9    Str:  8    XL:     8   Next: 42%
Magic:  10/10      EV: 15    Int: 15    God:
Gold:   185        SH:  0    Dex: 20    Spells: 7/7 levels left

rFire   . . .      SeeInvis .    a - +0 shortbow
rCold   + . .      Faith    .    (shield currently unavailable)
rNeg    . . .      Spirit   .    o - +3 leather armour {rC+}
rPois   +          Reflect  .    m - +0 helmet
rElec   .          Harm     .    (no cloak)
rCorr   .          Rampage  .    l - +0 pair of gloves
Will    .....                    n - +0 pair of boots
Stlth   +++                      (no amulet)
HPRegen 0.28/turn                D - ring of flight
MPRegen 0.12/turn                v - ring of poison resistance

@: flying
A: no striking features
a: no special abilities


You were on level 6 of the Dungeon.
You visited 1 branch of the dungeon, and saw 6 of its levels.

You collected 185 gold pieces.

Inventory:

Hand Weapons
 a - a +0 shortbow (weapon)
Missiles
 w - 4 curare-tipped darts
Armour
 l - a +0 pair of gloves (worn)
 m - a +0 helmet (worn)
 n - a +0 pair of boots (worn)
 o - a +3 leather armour of cold resistance (worn)
Jewellery
 v - a ring of poison resistance (right hand)
 y - a ring of positive energy
 A - a ring of resist corrosion
 D - a ring of flight (left hand)
 E - a ring of see invisible
Wands
 B - a wand of flame (32)
Scrolls
 b - a scroll of immolation
 c - a scroll of poison {unknown}
 e - a scroll of magic mapping {unknown}
 f - a scroll of identify
 g - a scroll of blinking {unknown}
 k - 2 scrolls of teleportation {unknown}
 r - a scroll of acquirement {unknown}
 C - a scroll of noise {unknown}
Potions
 d - 5 potions of brilliance
 h - a potion of haste {unknown}
 i - 5 potions of heal wounds
 j - 4 potions of might
 p - 4 potions of lignification
 q - 3 potions of curing
 s - a potion of flight {unknown}
 t - 2 potions of degeneration {unknown}
 u - a potion of cancellation {unknown}
 x - a potion of mutation {unknown}
 z - a potion of resistance {unknown}


   Skills:
 + Level 3.8 Fighting
 * Level 9.8 Ranged Weapons
 + Level 3.3 Armour
 + Level 5.8 Dodging
 - Level 4.0 Stealth
 + Level 1.5 Evocations


You had 7 spell levels left.
You didn't know any spells.
Your spell library contained the following spells:

 Spells                   Type           Power      Damage    Failure   Level
 Shock                    Conj/Air       0%         1d3       36%         1
 Swiftness                Air            0%         N/A       75%         3
 Airstrike                Air            0%         2d(0-16)  98%         4


Dungeon Overview and Level Annotations

Branches:
Dungeon (6/15)
 Temple: D:4-7

Altars:
Gozag

Shops:
D:1 (   D:3 !!(


Message History

You shoot an arrow. The arrow hits the manticore!
The manticore is heavily wounded.
The manticore closely misses you. The manticore barely misses you. x2
Fire: a) +0 shortbow
Press: ? - help, Q - select action, (/) - cycle Shift-Dir - straight line, f/p - manticore
Aim: a manticore (severely wounded, poisoned, 76% to hit)
You shoot an arrow. The arrow barely misses the manticore.
The manticore bites you. The manticore barely misses you.
The manticore misses you.
Fire: a) +0 shortbow
Press: ? - help, Q - select action, (/) - cycle Shift-Dir - straight line, f/p - manticore
Aim: a manticore (severely wounded, poisoned, 76% to hit)
You shoot an arrow.
The arrow hits the manticore but does no damage.
The manticore is severely wounded.
The manticore closely misses you. x2; The manticore barely misses you.
Fire: a) +0 shortbow
Press: ? - help, Q - select action, (/) - cycle Shift-Dir - straight line, f/p - manticore
Aim: a manticore (severely wounded, poisoned, 76% to hit)
You shoot an arrow. The arrow barely misses the manticore.
The manticore barely misses you. The manticore claws you.
* * * LOW HITPOINT WARNING * * *
The manticore closely misses you.
Fire: a) +0 shortbow
Press: ? - help, Q - select action, (/) - cycle Shift-Dir - straight line, f/p - manticore
Aim: a manticore (severely wounded, poisoned, 76% to hit)
You shoot an arrow. The arrow hits the manticore.
The manticore is severely wounded.
You carefully extract the barbed spikes from your body.
The manticore looks more healthy.
The manticore misses you. The manticore claws you.
* * * LOW HITPOINT WARNING * * *
The manticore barely misses you.
Fire: a) +0 shortbow
Press: ? - help, Q - select action, (/) - cycle Shift-Dir - straight line, f/p - manticore
Aim: a manticore (severely wounded, 76% to hit)
You shoot an arrow. The arrow hits the manticore.
The manticore is almost dead.
The manticore bites you!!
You die...

#.#.......#.# .#
#.####.##.#.##.##
.. #.##)#.....# #
.. #.##.......#
...##..##......#
......# #......##
......###.>......
....#..........##
.......@.........
.......H.########
#......(..#
#.......###
.......!.
......##( .....#
. ..... #.


You could see a manticore.

Vanquished Creatures
  Prince Ribbit (D:4)
  An ice beast (D:5)
  A centaur (D:6)
  3 ogres
  Blork the orc (D:4)
  2 necrophages
  3 wights (D:6)
  2 orc priests (D:4)
  A jelly (D:5)
  2 hounds
  3 iguanas
  An orc wizard (D:5)
  2 gnolls (D:1)
  5 adders
  3 shadow imps (D:4)
  A white imp (D:5)
  An ufetubus (D:3)
  3 worms (D:2)
  3 dart slugs
  3 orcs (D:5)
  8 bats
  8 endoplasms
  4 giant cockroaches
  12 goblins
  10 hobgoblins
  11 jackals
  5 kobolds
  2 quokkas
  6 ball pythons
  2 frilled lizards
  5 rats
115 creatures vanquished.

Notes
Turn   | Place    | Note
-------+----------+-------------------------------------------
     0 | D:1      | Mitcholas the Deep Elf Hunter began the quest for the Orb.
     0 | D:1      | Reached XP level 1. HP: 12/12 MP: 3/3
    23 | D:1      | Reached XP level 2. HP: 17/17 MP: 4/4
   180 | D:1      | Found Sanu's Antique Weapon Shoppe.
   352 | D:1      | Reached XP level 3. HP: 21/21 MP: 5/5
   412 | D:1      | Found a faded altar of an unknown god.
   856 | D:1      | Reached skill level 6 in Ranged Weapons
   951 | D:1      | Reached skill level 1 in Armour
  1406 | D:2      | Reached XP level 4. HP: 26/26 MP: 6/6
  1559 | D:2      | Identified the +1 scale mail of Qoacir {MP+9}
  1598 | D:2      | You fall into a shaft and drop 1 floor!
  1608 | D:3      | Found Azaaq's Weapon Boutique.
  2228 | D:3      | Found Teunt's Distillery.
  2236 | D:3      | Found Vuymedax's Distillery.
  2277 | D:3      | Reached XP level 5. HP: 30/30 MP: 7/7
  2293 | D:3      | Identified the +8 mace "Koqeimi" {freeze, rF+++ Str+3 Int+4
                  | Dex-5}
  2796 | D:4      | Found a transporter.
  2843 | D:4      | Noticed Blork the orc
  2853 | D:4      | Killed Blork the orc
  2854 | D:4      | Reached skill level 7 in Ranged Weapons
  2939 | D:4      | Found a transporter.
  3437 | D:4      | Reached XP level 6. HP: 26/36 MP: 8/8
  3669 | D:5      | Entered Level 5 of the Dungeon
  3670 | D:5      | Noticed Prince Ribbit
  3682 | D:4      | Killed Prince Ribbit
  3683 | D:4      | Reached XP level 7. HP: 31/40 MP: 9/9
  3801 | D:5      | Reached skill level 8 in Ranged Weapons
  4042 | D:5      | Reached skill level 5 in Dodging
  4299 | D:5      | Reached skill level 9 in Ranged Weapons
  4402 | D:6      | Reached XP level 8. HP: 45/46 MP: 10/10
  4405 | D:6      | Found an opulent altar of Gozag.
  4487 | D:6      | Reached skill level 1 in Evocations
  4549 | D:6      | Noticed a manticore
  4565 | D:6      | Mangled by a manticore

Illustrated notes

Levels and vault maps discovered:
D:1:      zaba_arrival_water, layout_basic, ebering_ecumenical_altar_mist,
          serial_shops, nicolae_shop_competitors_out_of_business,
          minmay_pentomino_z4
D:2:      layout_basic
D:3:      layout_loops_ring, serial_shops, shop, nicolae_shop_waterfront,
          shop_statue
D:4:      gammafunk_wand_slinger, layout_loops_corners, uniq_blork_the_orc
D:5:      layout_basic, uniq_prince_ribbit1
D:6:      layout_rooms, nicolae_gozag_seed_capital,
          gammafunk_temple_overflow_pools, nicolae_overflow_hidden_temple

Skill      XL: |  1  2  3  4  5  6  7  8 |
---------------+-------------------------+-----
Stealth        | 2 3 4 |  4.0
Dodging        | 3 4 5 |  5.8
Fighting       | 2 3 |  3.8
Ranged Weapons | 6 7 9 |  9.8
Armour         | 1 2 3 |  3.3
Evocations     | 1 |  1.5

Action                   |  1- 3 |  4- 6 |  7- 9 || total
-------------------------+-------+-------+-------++-------
 Fire: Shortbow          |    96 |   161 |   129 ||   386
Throw: Dart              |       |     3 |     3 ||     6
  Use: Scroll            |       |       |     5 ||     5
Armor: Leather armour    |     4 |    16 |    11 ||    31
Dodge: Dodged            |    37 |    44 |    41 ||   122

Table legend: (Time is in decaauts)
 A = Elapsed time spent in this place.
 B = Non-inter-level travel time spent in this place.
 C = Inter-level travel time spent in this place.
 D = Time resting spent in this place.
 E = Time spent auto-exploring this place.
 F = Levels seen in this place.
 G = Mean time per level.
                   A        B        C        D        E       F      G
               +--------+--------+--------+--------+--------+-----+--------+
         Total |   4647 |   4307 |    340 |    308 |   3128 |   6 |  774.5 |
       Dungeon |   4647 |   4307 |    340 |    308 |   3128 |   6 |  774.5 |
               +--------+--------+--------+--------+--------+-----+--------+

Top non-repeatable levels by time:
     D:1: 1368 daAuts
     D:4: 1224 daAuts
     D:2: 693 daAuts
     D:5: 676 daAuts
     D:3: 506 daAuts
     D:6: 177 daAuts
